AoeStats
← Kratos

Arena

505841942Analyzed
2v2 RM · 21d ago on Sep 11, 2026· 52m 33s· 4 players
Game mode
Random Map
Map size
Medium (4 player)
Population
200
Speed
Normal
Resources
Standard
Victory
Conquest
Starting age
Dark Age
Ending age
Imperial Age
RankedLock teamsTeams togetherTeam positionsShared explorationLock speedFull tech treeHidden civsTurbo modeCheats
Victory
Defeat
🇨🇳 Persians · China
912
+18
🇹🇷 Turks · Türkiye
824
+21
🇳🇿 Romans · New Zealand
1124
-26
🇳🇿 Goths · New Zealand
779
-13
郁金香没你香
7:24 Loom
10:32 Feudal Age
15:30 Double-Bit Axe
15:27 Horse Collar
20:17 Castle Age
22:03 Wheelbarrow
21:42 Heavy Plow
21:55 Bow Saw
24:43 Hand Cart
32:44 Imperial Age
30:11 Gold Mining
30:15 Stone Mining
31:05 Kamandaran
32:25 Thumb Ring
31:55 Crossbowman
32:34 Fletching
32:55 Forging
32:50 Scale Barding Armor
33:12 Masonry
33:48 Gold Shaft Mining
33:57 Conscription
36:18 Two-Man Saw
35:52 Crop Rotation
34:51 Capped Ram
35:38 Elite War Elephant
36:35 Siege Ram
45:00 Iron Casting
44:20 Bodkin Arrow
44:46 Chain Barding Armor
46:55 Blast Furnace
48:03 Caravan
Passdespoir
11:17 Feudal Age
11:43 Double-Bit Axe
18:17 Castle Age
19:05 Gold Mining
24:44 Imperial Age
24:01 Gold Shaft Mining
28:12 Ballistics
31:00 Elite Janissary
39:08 Conscription
39:47 Squires
Kratos
13:10 Feudal Age
18:51 Castle Age
19:24 Forging
19:16 Scale Mail Armor
19:01 Horse Collar
19:10 Double-Bit Axe
18:57 Man-at-Arms
20:41 Gold Mining
20:45 Stone Mining
20:53 Long Swordsman
21:34 Squires
23:04 Wheelbarrow
32:16 Elite Skirmisher
39:36 Fletching
39:47 Padded Archer Armor
49:25 Leather Archer Armor
ZombieMurderer15
10:22 Feudal Age
11:56 Double-Bit Axe
15:35 Castle Age
13:59 Horse Collar
17:46 Bow Saw
18:14 Heavy Plow
19:42 Gold Mining
22:12 Forging
22:07 Scale Mail Armor
23:50 Squires
25:18 Stone Mining
26:15 Wheelbarrow
27:16 Gold Shaft Mining
27:28 Ballistics
27:21 Masonry
28:15 Hand Cart
29:21 Loom
32:07 Imperial Age
30:33 Scale Barding Armor
31:20 Husbandry
31:31 Bloodlines
30:41 Light Cavalry
31:49 Fletching
32:00 Padded Archer Armor
32:22 Chain Barding Armor
33:02 Forging
32:59 Elite Skirmisher
36:12 Chemistry
35:43 Architecture
35:32 Ballistas
35:05 Heavy Scorpion
38:00 Crop Rotation
37:24 Town Watch
38:17 Comitatenses
41:00 Iron Casting
41:01 Plate Barding Armor
40:43 Chain Mail Armor
39:52 Man-at-Arms
41:45 Long Swordsman
43:26 Blast Furnace
42:24 Legionary
45:38 Pikeman
47:32 Bodkin Arrow
47:49 Halberdier
49:57 Conscription
Connection lost

Rejoining the realm…

Still unreachable

The connection could not be restored.

Session expired

The server has moved on; the page needs a fresh start.